 Dungeon Crawl Stone Soup version 0.17.1-1-g73c8601 (webtiles) character file.

963 zhaorenw the Conjurer (level 7, 0/41 HPs)
             Began as a High Elf Fire Elementalist on Jan 6, 2016.
             Slain by a gnoll
             ... wielding a +0 flail
              (7 damage)
             ... on level 4 of the Dungeon.
             The game lasted 00:10:27 (6177 turns).

zhaorenw the Conjurer (High Elf Fire Elementalist)  Turns: 6177, Time: 00:10:28

Health: 0/41       AC:  3    Str:  7    XL:     7   Next: 92%
Magic:  1/12       EV: 12    Int: 22    God:
Gold:   131        SH:  0    Dex: 15    Spells: 4 memorised, 2 levels left

rFire  . . .     SeeInvis .     k - +1 dagger (vamp) {!w}
rCold  . . .     Clarity  .     a - +0 robe
rNeg   . . .     SustAt   .     (no shield)
rPois  +         Gourm    .     (no helmet)
rElec  .         Spirit   .     z - +0 cloak (curse)
rCorr  .         Warding  .     (no gloves)
rMut   .         Stasis   .     (no boots)
MR     .....                    (no amulet)
Stlth  ++........               (no ring)
                                y - ring of poison resistance {rPois, !d}

@: not resistant to hostile enchantments, unstealthy
A: no striking features
a: no special abilities


You were on level 4 of the Dungeon.
You were hungry.

You visited 1 branch of the dungeon, and saw 4 of its levels.

You collected 235 gold pieces.
You spent 104 gold pieces at shops.

Inventory:

Hand Weapons
 g - a +2 mace of protection
   (You found it on level 4 of the Dungeon)
 k - a +1 vampiric dagger (weapon) {!w}
   (You took it off a goblin on level 1 of the Dungeon)
 C - a +0 whip of holy wrath
   (You took it off a gnoll on level 4 of the Dungeon)
Missiles
 t - 2 throwing nets {=f, !d}
Armour
 a - a +0 robe (worn)
 q - a +0 ring mail of cold resistance
   (You found it on level 2 of the Dungeon)
 z - a cursed +0 cloak (worn)
   (You found it on level 4 of the Dungeon)
Jewellery
 y - a ring of poison resistance (left hand) {rPois, !d}
   (You found it on level 4 of the Dungeon)
Wands
 o - a wand of random effects (6)
   (You found it on level 2 of the Dungeon)
 s - a wand of random effects (33)
   (You found it on level 2 of the Dungeon)
Scrolls
 f - a scroll of fear {unknown}
 h - 2 scrolls of remove curse {unknown}
 j - 2 scrolls of blinking {!r}
 l - 2 scrolls of noise {unknown}
 m - 2 scrolls of magic mapping {!r}
 n - 2 scrolls of amnesia {unknown}
 p - a scroll of fog {unknown}
 r - a scroll of teleportation {unknown}
 u - 2 scrolls of identify {unknown}
Potions
 d - a potion of lignification {unknown}
 e - 2 potions of curing
 v - a potion of cure mutation {unknown}
 x - a potion of heal wounds
 B - a potion of agility {unknown}
Books
 b - a book of Flames
Comestibles
 c - a meat ration {@e2}
 i - a fruit
 w - a bread ration {@e1}


   Skills:
 - Level 2.1 Dodging
 - Level 3.1 Stealth
 - Level 3.1 Spellcasting
 + Level 6.9 Conjurations
 + Level 6.6 Fire Magic


You had 2 spell levels left.
You knew the following spells:

 Your Spells              Type           Power        Failure   Level  Hunger
a - Flame Tongue          Conj/Fire      ####.        1%          1    None
c - Conjure Flame         Conj/Fire      ####....     1%          3    ###....
s - Sticky Flame          Conj/Fire      ####....     10%         4    ####...
x - Throw Flame           Conj/Fire      ####..       1%          2    ##.....


Dungeon Overview and Level Annotations

Branches:
Dungeon (4/15)
 Temple: D:4-7

Altars:
Ashenzari
Dithmenos
Xom

Shops:
D:4 !

Annotations:
D:2 exclusion: downstairs


Message History

Anything else - Stay silent.
Gang up on whom?
Aim: a gnoll, wielding a flail Attack!
You hear a shout! x2
The jackal bites you but does no damage.
Aim: a jackal The flame tongue hits the jackal.
You kill the jackal!
You now have 11/12 mp.
Aim: a gnoll, wielding a flail The flame tongue hits the gnoll.
The gnoll appears unharmed.
The gnoll hits you with a flail!
A giant cockroach comes into view.
You take 13 damage, and have 28/41 hp.
MASSIVE DAMAGE!!
You now have 10/12 mp.
Aim: a gnoll, wielding a flail The flame tongue hits the gnoll.
The gnoll closely misses you.
You now have 9/12 mp.
A gnoll comes into view. It is wielding a club.
The giant cockroach barely misses you. The gnoll hits you with a flail.
You take 4 damage, and have 24/41 hp.
The giant cockroach barely misses you. The giant cockroach misses you.
Aim: a giant cockroach (clinging)
The flame tongue hits the giant cockroach.
The giant cockroach barely misses you.
You now have 9/12 mp.
Aim: a giant cockroach (heavily wounded, clinging)
The flame tongue hits the giant cockroach.
The giant cockroach appears unharmed.
The giant cockroach bites you but does no damage.
You now have 8/12 mp.
Aim: a giant cockroach (heavily wounded, clinging)
The flame tongue hits the giant cockroach.
The giant cockroach appears unharmed.
The giant cockroach bites you but does no damage.
You now have 7/12 mp.
Aim: a giant cockroach (heavily wounded, clinging)
The flame tongue hits the giant cockroach.
You kill the giant cockroach!
You now have 6/12 mp.
Aim: a gnoll, wielding a club The flame tongue hits the gnoll.
The gnoll hits you with a club!
You take 7 damage, and have 18/41 hp.
You now have 5/12 mp.
Aim: a gnoll, wielding a club (moderately wounded)
The flame tongue hits the gnoll.
The gnoll hits you but does no damage.
Aim: a gnoll, wielding a club (almost dead)
The flame tongue hits the gnoll.
The gnoll hits you with a club!
* * * LOW HITPOINT WARNING * * *
A jackal comes into view.
You take 7 damage, and have 11/41 hp.
You now have 4/12 mp.
Unknown command.
Aim: a gnoll, wielding a club (almost dead)
The flame tongue hits the gnoll.
You kill the gnoll!
The jackal barks!
You now have 3/12 mp.
Aim: a gnoll, wielding a whip The sticky flame hits the gnoll.
The gnoll is covered in liquid flames!
The gnoll burns!
The gnoll closely misses you.
You now have 0/12 mp.
The gnoll burns!
You are feeling hungry.
The gnoll burns!
You kill the gnoll!
Aim: a jackal The flame tongue hits the jackal.
The jackal appears unharmed.
The jackal misses you.
You now have 0/12 mp.
The jackal bites you.
* * * LOW HITPOINT WARNING * * *
There is a stone staircase leading up here.
You take 3 damage, and have 11/41 hp.
The gnoll closely misses you. The jackal bites you.
* * * LOW HITPOINT WARNING * * *
You take 2 damage, and have 9/41 hp.
Drink which item? (? for menu, Esc to quit)
You feel better. The jackal misses you.
You regained 6 hp, and now have 15/41 hp.
The jackal bites you.
You take 2 damage, and have 13/41 hp.
The jackal barely misses you. The gnoll barely misses you.
The jackal closely misses you. The jackal barely misses you.
The jackal bites you.
You take 1 damage, and have 13/41 hp.
Aim: a jackal The flame tongue hits the jackal.
You kill the jackal!
You now have 0/12 mp.
Aim: a gnoll, wielding a flail The flame tongue hits the gnoll.
The gnoll hits you with a flail!
* * * LOW HITPOINT WARNING * * *
You take 7 damage, and have 7/41 hp.
You now have 0/12 mp.
You barely miss the gnoll. The gnoll misses you.
You hit the gnoll but do no damage. The gnoll hits you with a flail!
You die...

###...........###.##.........
##########....#.###.......#
##...#..............
##..<...###..........
##....)..###..........
#.........###.........
#........<# #.........
##...g...## ##......∩.
##..@..## ##.....## ##...##
####...# ##### ###.. ###


You could see a gnoll.

Vanquished Creatures
  Sigmund (D:3)
  An ogre (D:4)
  A centaur (D:4)
  2 scorpions (D:4)
  A crimson imp (D:3)
  3 orc wizards
  A centaur skeleton (D:4)
  An iguana (D:4)
  An orc priest (D:3)
  Natasha (thrice) (D:3)
  A worker ant (D:4)
  A hound skeleton (D:4)
  7 gnolls (D:4)
  9 adders
  An ooze (D:2)
  4 worms
  6 giant geckos
  6 orcs
  7 goblins
  10 hobgoblins
  4 jackals (D:4)
  12 kobolds
  A quokka (D:2)
  3 ball pythons (D:2)
  A ball python skeleton (D:4)
  7 bats
  6 giant cockroaches
  A giant gecko skeleton (D:4)
  9 giant newts
  13 rats
  A butterfly (D:2)
  A plant (D:3)
126 creatures vanquished.

Notes
Turn   | Place    | Note
--------------------------------------------------------------
     0 | D:1      | zhaorenw the High Elf Fire Elementalist began the quest for the Orb.
     0 | D:1      | Reached XP level 1. HP: 11/11 MP: 4/4
   403 | D:1      | Reached XP level 2. HP: 17/17 MP: 3/6
   424 | D:1      | Reached skill level 2 in Conjurations
  1131 | D:1      | Reached XP level 3. HP: 19/21 MP: 2/8
  1429 | D:2      | Learned a level 3 spell: Conjure Flame
  1432 | D:2      | Learned a level 2 spell: Throw Flame
  1481 | D:2      | Reached skill level 3 in Spellcasting
  1718 | D:2      | Found a shattered altar of Ashenzari.
  1722 | D:2      | Found a shadowy altar of Dithmenos.
  1772 | D:2      | Found a shimmering altar of Xom.
  1789 | D:2      | Reached skill level 3 in Conjurations
  2084 | D:2      | Reached XP level 4. HP: 27/27 MP: 7/9
  2832 | D:3      | Noticed Sigmund
  3042 | D:3      | Reached skill level 3 in Stealth
  3196 | D:3      | Reached XP level 5. HP: 22/31 MP: 2/10
  3536 | D:3      | Noticed Natasha
  3543 | D:3      | Killed Natasha
  3543 | D:3      | Reached skill level 4 in Conjurations
  3543 | D:3      | Reached skill level 4 in Fire Magic
  3850 | D:3      | Learned a level 4 spell: Sticky Flame
  3870 | D:3      | Noticed Natasha
  3873 | D:3      | Killed Natasha
  4141 | D:3      | Noticed Natasha
  4152 | D:3      | Killed Natasha
  4206 | D:3      | Killed Sigmund
  4206 | D:3      | Reached skill level 5 in Conjurations
  4206 | D:3      | Reached skill level 5 in Fire Magic
  4206 | D:3      | Reached XP level 6. HP: 24/36 MP: 0/11
  4819 | D:4      | Found Genicy's Distillery.
  4899 | D:4      | Reached XP level 7. HP: 30/41 MP: 3/12
  5044 | D:4      | Bought a potion of curing for 39 gold pieces
  5044 | D:4      | Bought a potion of heal wounds for 65 gold pieces
  5142 | D:4      | Reached skill level 6 in Conjurations
  5347 | D:4      | Reached skill level 6 in Fire Magic
  6158 | D:4      | HP: 9/41 [jackal (2)]
  6172 | D:4      | HP: 7/41 [gnoll/flail (7)]
  6177 | D:4      | Slain by a gnoll

Action                   |  1- 3 |  4- 6 |  7- 9 || total
-------------------------+-------+-------+-------++-------
Melee: Unarmed           |     7 |       |       ||     7
       Dagger            |    51 |    89 |    12 ||   152
 Cast: Flame Tongue      |    50 |   101 |    69 ||   220
       Throw Flame       |       |     4 |     4 ||     8
       Conjure Flame     |       |       |     3 ||     3
       Sticky Flame      |       |       |     3 ||     3
Evoke: Wand              |       |     6 |       ||     6
  Use: Scroll            |       |       |     2 ||     2
       Potion            |       |       |     1 ||     1
 Stab: Sleeping          |       |     1 |       ||     1
  Eat: Bread ration      |     1 |     1 |       ||     2
       Fruit             |     1 |       |       ||     1
       Pizza             |     1 |       |       ||     1
       Chunk             |     1 |     5 |     4 ||    10

Vault maps used:
D:1:      saegor_arrival_simple_e, minmay_three_crescents
D:2:      xom_butterflies, grunt_temple_overflow_open
D:3:      lexackson_kobold_supper, uniq_sigmund, uniq_natasha
D:4:      lemuel_castle_with_subvaults, serial_shops, shop, first_bread

Table legend:
 A = Turns spent in this place as a percentage of turns spent in the entire game.
 B = Non-inter-level travel turns spent in this place as a percentage of non-inter-level travel turns spent in the entire game.
 C = Inter-level travel turns spent in this place as a percentage of turns spent in this place.
 D = Turns resting spent in this place as a percentage of non-inter-level travel turns spent in this place.
 E = Turns spent auto-exploring this place as a percentage of non-inter-level travel turns spent in this place.
 F = Non-inter-level travel turns spent in this place divided by the number of levels of this place that you've seen.
                   A       B       C       D       E      F
               +-------+-------+-------+-------+-------+----------------------
         Total | 100.0 | 100.0 |   0.5 |   7.1 |   4.3 | 497.5
       Dungeon | 100.0 | 100.0 |   0.5 |   7.1 |   4.3 | 497.5
               +-------+-------+-------+-------+-------+----------------------

Table legend:
 A = Kills in this place as a percentage of kills in entire the game.
 B = Kills by you in this place as a percentage of kills by you in the entire game.
 C = Kills by friends in this place as a percentage of kills by friends in the entire game.
 D = Other kills in this place as a percentage of other kills in the entire game.
 E = Experience gained in this place as a percentage of experience gained in the entire game.
 F = Experience gained in this place divided by the number of levels of this place that you have seen.
                   A       B       C       D       E      F
               +-------+-------+-------+-------+-------+----------------------
         Total | 100.0 | 100.0 |  -nan |  -nan | 100.0 | 344.0
       Dungeon | 100.0 | 100.0 |  -nan |  -nan | 100.0 | 344.0
               +-------+-------+-------+-------+-------+----------------------
